[Event "Team 45 45 League T37"]
[Site "Internet Chess Club"]
[Date "2008.05.02"]
[Round "1"]
[White "betto2506"]
[Black "civilization"]
[Result "0-1"]
[WhiteElo "1288"]
[BlackElo "1555"]
[Opening "Sicilian: Pin variation (Sicilian counter-attack)"]
[ECO "B41"]
[Time "20:06:34"]
[TimeControl "2700+45"]

1. e4 c5 2. Nf3 e6 3. d4 cxd4 4. Nxd4 Nf6 5. Nc3 Bb4 6. Bd3 d5 7. e5 Nfd7 8. Bb5
a6 9. Bxd7+ Nxd7 10. f4 Nc5 11. O-O Bxc3 12. bxc3 Ne4 13. Qg4 g6 14. Ne2 Qb6+
15. Kh1 Nf2+ 16. Rxf2 Qxf2 17. Ba3 h6 18. Bd6 Bd7 19. g3 Bc6 20. Nd4 g5 21. h4
Bb5 22. Nxb5 axb5 23. fxg5 Qf5 24. Qb4 Qh3+ 25. Kg1 Qxg3+ 26. Kf1 Qf3+ 27. Ke1
Qe4+ 28. Kd2 Qxb4 29. cxb4 hxg5 30. hxg5 Rh2+ 31. Kc1 Rg2 32. Kb2 Rxg5 33. Rh1
Kd7 34. a3 Rf5 35. Kb3 f6 36. Rh7+ Kc6 37. Rc7+ Kb6 38. exf6 Rxf6 39. Rc5 Rf3+
40. c3 Rf7 41. Be5 Ka6 42. a4 bxa4+ 43. Kxa4 Kb6+ 44. Kb3 Ra1 45. Bd4 Ka6 46.
Kb2 Rff1 47. Kc2 Rfc1+ 48. Kb2 Rab1+ 49. Ka2 b6 50. Rc6 Rxb4 51. Rxe6 Rb5 52.
Rd6 Rcb1 53. Rd8 R1b2+ 54. Ka1 R2b3 55. Ka2 Rb1 56. Rd6 Ka5 57. Rd8 R5b2+ 58.
Ka3 Kb5 59. Rxd5+ Kc4 60. Rd8 Rb5 61. Rc8+ Kd3 62. Ka2 Kc2 63. Ra8 R5b2+ {White
resigns} 0-1

[Event "Team 45 45 League T37"]
[Site "Internet Chess Club"]
[Date "2008.04.28"]
[Round "1"]
[White "kublai"]
[Black "N20863"]
[Result "1-0"]
[WhiteElo "1413"]
[BlackElo "1289"]
[Opening "Nimzo-Indian: 4.e3"]
[ECO "E40"]
[Time "17:05:58"]
[TimeControl "2700+45"]

1. d4 Nf6 2. c4 e6 3. Nc3 Bb4 4. e3 Ne4 5. Qc2 d5 6. Bd3 Qg5 7. Bxe4 Bxc3+ 8.
bxc3 dxe4 9. Qxe4 Nd7 10. Ba3 Rb8 11. Ne2 b6 12. Rb1 Bb7 13. d5 Nf6 14. Qf4 Qxf4
15. Nxf4 e5 16. Ne2 c5 17. f3 Ba6 18. e4 Bxc4 19. Rb2 O-O 20. O-O a6 21. Re1 a5
22. Rd2 b5 23. Bxc5 Rfc8 24. Bd6 Rb7 25. Bxe5 Nd7 26. Bd4 b4 27. Rb2 Rcb8 28.
cxb4 Rxb4 29. Rxb4 Rxb4 30. Nc3 Bxa2 31. Nxa2 Rxd4 32. Rc1 Kf8 33. h3 Ne5 34.
Rc8+ Ke7 35. Nc1 Nc4 36. Nb3 Rd3 37. Rxc4 Rxb3 38. Ra4 Rb5 39. Kh2 f5 40. Kg3 g5
41. h4 fxe4 42. fxe4 gxh4+ 43. Kxh4 Kf6 44. d6 Ke6 45. Rd4 Rb6 46. d7 {Black
resigns} 1-0

[Event "Team 45 45 League T37"]
[Site "Internet Chess Club"]
[Date "2008.04.27"]
[Round "1"]
[White "kjs110"]
[Black "theartist"]
[Result "0-1"]
[WhiteElo "1041"]
[BlackElo "1139"]
[Opening "Sicilian"]
[ECO "B50"]
[Time "10:12:05"]
[TimeControl "2700+45"]

1. e4 c5 2. Nf3 d6 3. g3 Nc6 4. Bg2 Nf6 5. d3 g6 6. O-O Bg7 7. Nc3 O-O 8. Bf4 e5
9. Bg5 h6 10. Bxf6 Bxf6 11. Nd5 Bg7 12. Nd2 Be6 13. Re1 Bxd5 14. exd5 Ne7 15.
Nc4 b5 16. Na3 a6 17. c3 Qc7 18. Nc2 f5 19. d4 e4 20. dxc5 Qxc5 21. g4 Nxd5 22.
gxf5 gxf5 23. Ne3 Nxe3 24. Rxe3 Rf6 25. b4 Qe5 26. Qd4 Qxd4 27. cxd4 Rc8 28. Bh3
d5 29. f3 Rc4 30. Rd1 Rxb4 31. fxe4 dxe4 32. d5 Bf8 33. Rc3 Rc4 34. Rg3+ Kh7 35.
Bxf5+ Rxf5 36. d6 Bxd6 37. Rxd6 Rc1+ 38. Kg2 Rc2+ 39. Kh3 Rh5+ 40. Kg4 Rg5+ 41.
Kf4 Rxg3 42. hxg3 Rxa2 43. Kxe4 b4 44. Rb6 a5 45. Kf5 Rf2+ 46. Ke6 Rg2 47. Rb7+
Kg6 {White resigns} 0-1

[Event "Team 45 45 League T37"]
[Site "Internet Chess Club"]
[Date "2008.04.28"]
[Round "1"]
[White "EyeAm"]
[Black "Mutaant"]
[Result "1-0"]
[WhiteElo "1410"]
[BlackElo "1360"]
[Opening "Giuoco Piano"]
[ECO "C53"]
[Time "19:21:26"]
[TimeControl "2700+45"]

1. e4 e5 2. Nf3 Nc6 3. Bc4 Bc5 4. c3 Qf6 5. d4 exd4 6. e5 Qg6 7. cxd4 Bb4+ 8.
Nc3 Qxg2 9. Rg1 Qh3 10. Bxf7+ Ke7 11. Rxg7 Nh6 12. Ng5 Qxh2 13. Qf3 Nxd4 14.
Qf6+ Kf8 15. Bg6+ Nf7 16. Qxf7# {Black checkmated} 1-0

[Event "Team 45 45 League T37"]
[Site "Internet Chess Club"]
[Date "2008.04.26"]
[Round "1"]
[White "yemisco1"]
[Black "guyd52"]
[Result "1-0"]
[WhiteElo "1417"]
[BlackElo "1262"]
[Opening "English opening"]
[ECO "A10"]
[Time "05:58:41"]
[TimeControl "2700+45"]

1. c4 g6 2. e4 d6 3. Nc3 Nf6 4. h3 Bg7 5. Nf3 O-O 6. d3 Nbd7 7. Be2 e5 8. Bg5 b6
9. O-O Bb7 10. Qd2 Qc8 11. Bh6 Nc5 12. Bxg7 Kxg7 13. Nd5 Bxd5 14. cxd5 c6 15. b4
Ncd7 16. Rfc1 Nb8 17. Nh2 Qb7 18. Rc2 c5 19. bxc5 bxc5 20. Rb2 Qe7 21. Ng4 h5
22. Qh6+ Kg8 23. Nxf6+ Qxf6 24. Rb7 Qg7 25. Qxg7+ Kxg7 26. g4 hxg4 27. hxg4 Na6
28. Rab1 Nb4 29. a3 Nc2 30. R1b3 Nd4 31. Rb2 Nxe2+ 32. Rxe2 Rfb8 33. Reb2 Rxb7
34. Rxb7 a5 35. Rb6 Rd8 36. Ra6 Kf8 37. Rxa5 Rb8 38. Kf1 Rb2 39. Ra7 Ke8 40. a4
Rd2 41. a5 Rxd3 42. Ke2 Ra3 43. a6 Ra4 44. Ra8+ Ke7 45. a7 Rxe4+ 46. Kf1 Ra4 47.
Ke2 g5 48. f3 Kd7 49. Rf8 Ke7 50. a8=Q Rxa8 51. Rxa8 Kf6 52. Kd3 Ke7 53. Ra7+
Kf6 54. Rd7 {Black resigns} 1-0

[Event "Team 45 45 League T37"]
[Site "Internet Chess Club"]
[Date "2008.04.26"]
[Round "1"]
[White "WilmaP"]
[Black "moreffee"]
[Result "1-0"]
[WhiteElo "1253"]
[BlackElo "1265"]
[Opening "Sicilian: Najdorf, Lipnitzky attack"]
[ECO "B86"]
[Time "14:59:37"]
[TimeControl "2700+45"]

1. e4 c5 2. Nf3 d6 3. d4 cxd4 4. Nxd4 a6 5. Nc3 Nf6 6. Bc4 e6 7. Bg5 Be7 8. O-O
Nbd7 9. Re1 Ne5 10. Bb3 Bd7 11. h3 h6 12. Bh4 Rc8 13. Bg3 Ng6 14. Qf3 e5 15. Nf5
O-O 16. Nd5 Bc6 17. c3 Nh7 18. Rad1 Kh8 19. Nfxe7 Nxe7 20. Bh4 f6 21. c4 Ng6 22.
Bg3 Ng5 23. Qe2 Ne6 24. Qg4 Be8 25. Qxe6 Bf7 26. Qf5 Ne7 27. Nxe7 Qxe7 28. Rc1
Rc5 29. Qf3 Rfc8 30. Qe2 b5 31. f4 bxc4 32. Bc2 c3 33. b3 Be8 34. Qxa6 Bb5 35.
Qb6 R8c6 36. Qa5 Ra6 37. Qb4 Rxa2 38. Bf2 Bd3 39. Bxc5 dxc5 40. Qxc3 Bxc2 41.
Rxc2 Rxc2 42. Qxc2 Qa7 43. Kh2 exf4 44. Rf1 Qc7 45. Kg1 Qe5 46. Re1 Qd4+ 47. Kh2
Qe5 48. Rd1 f3+ 49. Kg1 fxg2 50. Rd8+ Kh7 51. Qxg2 g5 52. Rd7+ Kg6 53. h4 Qe6
54. Rc7 Qe5 55. h5+ Kxh5 56. Qh2+ Kg6 57. Qxe5 fxe5 58. Rxc5 {Black resigns} 1-0

[Event "Team 45 45 League T37"]
[Site "Internet Chess Club"]
[Date "2008.04.27"]
[Round "1"]
[White "seldredg"]
[Black "wekabird"]
[Result "0-1"]
[WhiteElo "1309"]
[BlackElo "1276"]
[Opening "English: symmetrical variation"]
[ECO "A30"]
[Time "23:00:11"]
[TimeControl "2700+45"]

1. c4 c5 2. g3 Nf6 3. Bg2 Nc6 4. Nc3 e6 5. Nf3 a6 6. a4 Rb8 7. d3 Be7 8. O-O O-O
9. Bf4 d6 10. Qd2 e5 11. Bg5 Nd4 12. Qd1 Nxf3+ 13. Bxf3 Bd7 14. Bg2 Qc8 15. Nd5
Qd8 16. e4 Nxd5 17. Bxe7 Nxe7 18. f4 Qc8 19. f5 f6 20. h4 Nc6 21. h5 h6 22. Rf3
Nd4 23. Re3 b5 24. axb5 axb5 25. b3 Ra8 26. Rxa8 Qxa8 27. g4 Qa3 28. Kh2 b4 29.
Re1 Nxb3 30. Re2 Nd4 31. Rd2 Ba4 32. Qb1 b3 33. Kh3 Rb8 34. Rf2 b2 35. g5 fxg5
36. f6 gxf6 37. Rxf6 Qa1 38. Qf1 Qxf1 39. Rg6+ Kh7 {White resigns} 0-1

[Event "Team 45 45 League T37"]
[Site "Internet Chess Club"]
[Date "2008.04.24"]
[Round "1"]
[White "Philly-Boy"]
[Black "Ernie1"]
[Result "1-0"]
[WhiteElo "1661"]
[BlackElo "1650"]
[Opening "QGD semi-Slav: 5.e3"]
[ECO "D45"]
[Time "21:44:34"]
[TimeControl "2700+45"]

1. d4 c6 2. c4 d5 3. e3 Nf6 4. Nf3 e6 5. Nc3 dxc4 6. Bxc4 b5 7. Bd3 b4 8. Ne4
Nbd7 9. O-O Bb7 10. Nxf6+ Qxf6 11. Be4 Bd6 12. Qa4 O-O 13. Bxc6 Nb6 14. Qb5 Bxc6
15. Qxc6 Qe7 16. Qe4 Nd5 17. g3 f5 18. Qd3 Qf6 19. Bd2 a5 20. Rac1 Rac8 21. Kg2
g5 22. Qa6 Rxc1 23. Rxc1 f4 24. Rc8 fxe3 25. Rxf8+ Bxf8 26. fxe3 g4 27. Ne5 Qf5
28. Qd3 Qh5 29. e4 Nf6 30. Bf4 Qe8 31. Bg5 Nd7 32. Qb5 Qh5 33. Qxd7 Qxg5 34.
Qf7+ {Black resigns} 1-0

[Event "Team 45 45 League T37"]
[Site "Internet Chess Club"]
[Date "2008.04.24"]
[Round "1"]
[White "NESKAYA"]
[Black "BrerRabbit"]
[Result "0-1"]
[WhiteElo "1679"]
[BlackElo "1562"]
[Opening "Sicilian defense"]
[ECO "B40"]
[Time "20:06:09"]
[TimeControl "2700+45"]

1. e4 c5 2. Nf3 e6 3. c3 Nf6 4. e5 Nd5 5. d4 cxd4 6. cxd4 d6 7. Bb5+ Nc6 8. O-O
a6 9. Bxc6+ bxc6 10. Nc3 Be7 11. exd6 Bxd6 12. Ne5 Qc7 13. f4 f6 14. Nd3 O-O 15.
Bd2 Rb8 16. b3 Rd8 17. Nxd5 cxd5 18. Rc1 Qb6 19. Be3 Bd7 20. Qf3 Rdc8 21. f5 Re8
22. fxe6 Bxe6 23. Rc2 Rbc8 24. Rfc1 Rxc2 25. Rxc2 Qb7 26. Bf4 Qb8 27. Rc6 Bxf4
28. Nxf4 Bf7 29. Nxd5 Qd8 30. Nc7 Qxd4+ 31. Kf1 Qa1+ 32. Kf2 Qxa2+ 33. Kg3 Re2
34. Nd5 Rxg2+ 35. Qxg2 Qxg2+ 36. Kxg2 Bxd5+ 37. Kg3 Bxc6 38. b4 {White resigns}
0-1

[Event "Team 45 45 League T37"]
[Site "Internet Chess Club"]
[Date "2008.04.27"]
[Round "1"]
[White "fredd"]
[Black "Warpdrive"]
[Result "0-1"]
[WhiteElo "1525"]
[BlackElo "1757"]
[Opening "King's Indian: Zinnowitz variation"]
[ECO "E60"]
[Time "20:05:56"]
[TimeControl "2700+45"]

1. d4 Nf6 2. c4 g6 3. Bg5 Bg7 4. Nc3 O-O 5. Nf3 d6 6. e4 Ne8 7. Qd2 f5 8. Bd3 c6
9. Bh6 e6 10. Bxg7 Kxg7 11. h4 Qf6 12. e5 Qe7 13. h5 Rh8 14. hxg6 hxg6 15. O-O-O
Qf8 16. Rh2 Rxh2 17. Nxh2 dxe5 18. dxe5 Nd7 19. Nf3 Qh8 20. g3 Qh6 21. Qg5 Qxg5+
22. Nxg5 Nxe5 23. f4 Nf7 24. Nxf7 Kxf7 25. Be2 Nf6 26. Bf3 Bd7 27. Na4 b6 28. c5
b5 29. Nc3 Rh8 30. Ne2 Rh3 31. Rg1 Nd5 32. Bg2 Rh2 33. Kd2 Kf6 34. Nd4 Rh8 35.
Nf3 a5 36. Ne5 Be8 37. Bxd5 exd5 38. Kc3 Rh2 39. g4 Rh3+ 40. Kd4 Rh4 41. a3 Rh2
42. b4 axb4 43. axb4 Rb2 44. Kc3 Rf2 45. Nd3 Rf3 46. Re1 Bd7 47. Kd4 fxg4 48.
Rg1 Bf5 49. Rd1 Rxd3+ 50. Rxd3 Bxd3 51. Kxd3 Kf5 52. Ke3 g3 53. Kf3 g2 54. Kxg2
Kxf4 55. Kf2 g5 {White resigns} 0-1

[Event "Team 45 45 League T37"]
[Site "Internet Chess Club"]
[Date "2008.04.27"]
[Round "1"]
[White "MarcoDeSade"]
[Black "scar99"]
[Result "1-0"]
[WhiteElo "1492"]
[BlackElo "1314"]
[Opening "Scandinavian defense"]
[ECO "B01"]
[Time "11:02:12"]
[TimeControl "2700+45"]

1. e4 d5 2. exd5 Nf6 3. Nc3 Nxd5 4. Nxd5 Qxd5 5. Qf3 Qc5 6. c3 Nc6 7. d4 Qd6 8.
Bf4 e5 9. Bg3 f6 10. Bb5 Bd7 11. O-O-O Qe7 12. dxe5 O-O-O 13. exf6 gxf6 14. Ne2
Kb8 15. Bxc6 Bxc6 16. Rxd8+ Qxd8 17. Qf4 Bxg2 18. Rd1 Bd6 19. Qd4 Bf3 20. Bxd6
cxd6 21. Qe3 Bh5 22. f3 Re8 23. Qf2 Qe7 24. Nf4 Bg6 25. Nxg6 hxg6 26. Qd4 Qe3+
27. Kc2 Qxf3 28. Qxd6+ Kc8 29. Qd7+ {Black resigns} 1-0

[Event "Team 45 45 League T37"]
[Site "Internet Chess Club"]
[Date "2008.04.26"]
[Round "1"]
[White "yatiba"]
[Black "John3v16"]
[Result "1-0"]
[WhiteElo "1710"]
[BlackElo "1792"]
[Opening "Sicilian defense"]
[ECO "B41"]
[Time "22:53:47"]
[TimeControl "2700+45"]

1. e4 c5 2. Nf3 e6 3. d4 cxd4 4. Nxd4 Qb6 5. Nc3 Bc5 6. Na4 Qa5+ 7. c3 Bxd4 8.
Qxd4 Nf6 9. f3 Nc6 10. Qd1 a6 11. Be2 b5 12. Nc5 d5 13. Be3 O-O 14. O-O Rd8 15.
Nb3 Qc7 16. Qc2 h6 17. Rad1 Bb7 18. Bf2 dxe4 19. fxe4 Nb4 20. Qc1 Nxa2 21. Qa1
Nxc3 22. bxc3 Nxe4 23. Rc1 Nxf2 24. Rxf2 Qb6 25. Rf1 f6 26. Nd4 e5 27. Nf5 Rd2
28. Kh1 Be4 29. Ng3 Bd3 30. Qe1 Bxe2 31. Rxe2 Rd3 32. Nf5 Qc5 33. Qh4 Ra7 34.
Qg4 Kh8 35. Qg6 Rxc3 36. Rd2 Qf8 37. Rfd1 Rc8 38. h3 b4 39. Rd7 Rxd7 40. Rxd7 b3
41. Rxg7 b2 42. Qh7# {Black checkmated} 1-0

[Event "Team 45 45 League T37"]
[Site "Internet Chess Club"]
[Date "2008.04.25"]
[Round "1"]
[White "OGO"]
[Black "GoIrish"]
[Result "0-1"]
[WhiteElo "1630"]
[BlackElo "1593"]
[Opening "Alekhine's defense: modern variation"]
[ECO "B04"]
[Time "13:06:40"]
[TimeControl "2700+45"]

1. e4 Nf6 2. e5 Nd5 3. d4 d6 4. Nf3 Nc6 5. c4 Nb6 6. Nc3 Bg4 7. exd6 exd6 8. Be3
Be7 9. Bd3 O-O 10. O-O Bf6 11. d5 Ne5 12. Bxb6 axb6 13. Ne4 Nxf3+ 14. gxf3 Bh3
15. Nxf6+ Qxf6 16. Re1 Qg5+ {White resigns} 0-1

[Event "Team 45 45 League T37"]
[Site "Internet Chess Club"]
[Date "2008.04.25"]
[Round "1"]
[White "allanchs"]
[Black "dondel"]
[Result "0-1"]
[WhiteElo "1526"]
[BlackElo "1488"]
[Opening "Four knights: symmetrical variation"]
[ECO "C49"]
[Time "17:06:24"]
[TimeControl "2700+45"]

1. e4 e5 2. Nf3 Nf6 3. Nc3 Nc6 4. Bb5 Bb4 5. O-O O-O 6. d3 d6 7. Bg5 Bxc3 8.
bxc3 Be6 9. d4 h6 10. Bxf6 Qxf6 11. d5 a6 12. Ba4 b5 13. Bb3 Bd7 14. dxc6 Bxc6
15. Bd5 Bxd5 16. Qxd5 Rfc8 17. Rfd1 Rcb8 18. Rab1 Ra7 19. c4 Rab7 20. cxb5 axb5
21. h3 Rb6 22. c4 b4 23. c5 Rb5 24. Rdc1 Ra5 25. Ra1 Rbb5 26. Qc6 Rxc5 27. Rxc5
Rxc5 28. Qb7 Rc4 29. Rb1 c5 30. Qd5 Qe6 31. Qxe6 fxe6 32. Nd2 Rc2 33. Rd1 Kf8
34. Kf1 Ke7 35. f3 Rxa2 36. Nc4 Ra6 37. Rb1 g6 38. Ke2 Ra2+ 39. Rb2 b3 40. Kd2
Rxb2+ 41. Nxb2 d5 42. Kc3 c4 43. Nd1 Kd6 44. Ne3 {White resigns} 0-1

[Event "Team 45 45 League T37"]
[Site "Internet Chess Club"]
[Date "2008.04.24"]
[Round "1"]
[White "Jester"]
[Black "KrutoyChelovek"]
[Result "0-1"]
[WhiteElo "1428"]
[BlackElo "1509"]
[Opening "Queen's gambit declined"]
[ECO "D30"]
[Time "21:10:48"]
[TimeControl "2700+45"]

1. d4 d5 2. c4 e6 3. cxd5 exd5 4. Nf3 Nf6 5. g3 Bg4 6. Bg2 Bb4+ 7. Bd2 Bxd2+ 8.
Qxd2 O-O 9. O-O Nc6 10. Nc3 Qd7 11. Rfe1 Rfe8 12. Rad1 Qe6 13. Ng5 Qf5 14. e4
dxe4 15. Ncxe4 Bxd1 16. Nxf6+ Qxf6 17. Rxe8+ Rxe8 18. Bxc6 bxc6 19. h4 Bh5 20.
Qd3 Qg6 21. Qxg6 {White resigns} 0-1

[Event "Team 45 45 League T37"]
[Site "Internet Chess Club"]
[Date "2008.04.27"]
[Round "1"]
[White "chesswooog"]
[Black "forketta"]
[Result "1-0"]
[WhiteElo "2194"]
[BlackElo "1979"]
[Opening "Torre attack (Tartakower variation)"]
[ECO "D03"]
[Time "11:57:39"]
[TimeControl "2700+45"]

1. d4 d5 2. Nf3 Nf6 3. Bg5 Ne4 4. Bf4 c5 5. e3 Qb6 6. Qc1 Nc6 7. c3 Bf5 8. Nbd2
Rc8 9. Be2 e6 10. O-O Be7 11. Ne5 Nxe5 12. Bxe5 O-O 13. f3 Nxd2 14. Qxd2 Qa5 15.
dxc5 Qxc5 16. Bd4 Qc7 17. g4 e5 18. gxf5 exd4 19. exd4 Bd6 20. Bd3 Bf4 21. Qg2
Qe7 22. Rfe1 Qf6 23. Qg4 Qd6 24. Qh4 Bh6 25. Re5 Qb6 26. Rb1 Rfe8 27. Rxd5 Re3
28. Bc2 Rce8 29. Bb3 Rxf3 30. Qh5 Be3+ 31. Kh1 Rf2 32. Rd6 Qxd6 33. Qxf7+ {Black
resigns} 1-0

[Event "Team 45 45 League T37"]
[Site "Internet Chess Club"]
[Date "2008.04.27"]
[Round "1"]
[White "jonesey"]
[Black "GambitBandit"]
[Result "0-1"]
[WhiteElo "1968"]
[BlackElo "2097"]
[Opening "Scandinavian: Icelandic gambit"]
[ECO "B01"]
[Time "12:09:23"]
[TimeControl "2700+45"]

1. e4 d5 2. exd5 Nf6 3. c4 e6 4. dxe6 Bxe6 5. Nf3 Qe7 6. Qe2 Nc6 7. d4 Bg4 8.
Qxe7+ Bxe7 9. Nbd2 Nb4 10. Kd1 Bf5 11. Nh4 Bc2+ 12. Ke2 O-O-O 13. Ndf3 Bd3+ 14.
Kd1 Be4 15. Be3 Ng4 16. a3 Nc2 17. Rc1 Ncxe3+ 18. fxe3 Nf2+ {White resigns} 0-1

[Event "Team 45 45 League T37"]
[Site "Internet Chess Club"]
[Date "2008.04.26"]
[Round "1"]
[White "Fidius"]
[Black "Fegary"]
[Result "0-1"]
[WhiteElo "2002"]
[BlackElo "2038"]
[Opening "Pirc: Austrian attack, 6.Bd3"]
[ECO "B09"]
[Time "13:00:52"]
[TimeControl "2700+45"]

1. e4 d6 2. d4 Nf6 3. Nc3 g6 4. f4 Bg7 5. Nf3 O-O 6. Bd3 c5 7. dxc5 dxc5 8. O-O
Nc6 9. Be3 Ng4 10. Qe2 Nxe3 11. Qxe3 Bd4 12. Nxd4 cxd4 {White resigns} 0-1

[Event "Team 45 45 League T37"]
[Site "Internet Chess Club"]
[Date "2008.04.26"]
[Round "1"]
[White "smitty120"]
[Black "basserben"]
[Result "1-0"]
[WhiteElo "1970"]
[BlackElo "1647"]
[Opening "Caro-Kann: two knights variation"]
[ECO "B10"]
[Time "12:00:48"]
[TimeControl "2700+45"]

1. e4 c6 2. Nf3 d5 3. Nc3 dxe4 4. Nxe4 Nd7 5. Bc4 Ngf6 6. Neg5 e6 7. Qe2 Nb6 8.
Ne5 Qd4 9. c3 Qc5 10. d4 Qe7 11. Nexf7 Rg8 12. Bf4 Nxc4 13. Qxc4 Qd7 14. O-O h6
15. Nxe6 Qxf7 16. Nc7+ Ke7 17. Rfe1+ Be6 18. Rxe6+ {Black resigns} 1-0

[Event "Team 45 45 League T37"]
[Site "Internet Chess Club"]
[Date "2008.04.26"]
[Round "1"]
[White "Ser-Enigma"]
[Black "Folgers"]
[Result "1-0"]
[WhiteElo "2094"]
[BlackElo "2056"]
[Opening "KP: Nimzovich defense"]
[ECO "B00"]
[Time "15:09:56"]
[TimeControl "2700+45"]

1. e4 Nc6 2. d4 e5 3. dxe5 Nxe5 4. Nc3 Bc5 5. Bf4 d6 6. Qd2 Nf6 7. O-O-O Be6 8.
Na4 Nxe4 9. Qe2 Nxf2 10. Nxc5 Nxd1 11. Nxe6 fxe6 12. Qxd1 Qf6 13. Nh3 O-O 14.
Be2 Nc6 15. c3 h6 16. Rf1 Qe7 17. Qb3 b6 18. Bg4 d5 19. Re1 Rf6 20. Qb5 Qd7 21.
Qe2 Re8 22. Bg3 Kh8 23. Nf4 Nd8 24. Bh5 Nf7 25. Ng6+ Kg8 26. Ne5 Nxe5 27. Bxe8
Qxe8 28. Qxe5 c6 29. Qc7 Rf7 30. Qd6 Rf6 31. Qb8 Qxb8 32. Bxb8 a6 33. Ba7 b5 34.
Bd4 Rg6 35. g3 Kf7 36. Rf1+ Ke7 37. Bc5+ Kd7 38. Rf7+ Ke8 39. Ra7 h5 40. Rxa6 e5
41. Kd2 Kf7 42. Ke2 Rf6 43. Ra7+ Kg6 44. Rd7 Kf5 45. Rxg7 Ke4 46. Re7 Kf5 47. b3
e4 48. Bd4 Rg6 49. Rg7 Re6 50. a4 bxa4 51. bxa4 Re8 52. a5 Ra8 53. Bb6 c5 54.
Rc7 c4 55. Rd7 Ke6 56. Rh7 {Black resigns} 1-0

[Event "Team 45 45 League T37"]
[Site "Internet Chess Club"]
[Date "2008.04.28"]
[Round "1"]
[White "BadHabitMarco"]
[Black "DeLaSalle"]
[Result "1/2-1/2"]
[WhiteElo "2016"]
[BlackElo "2086"]
[Opening "Caro-Kann: Bronstein-Larsen variation"]
[ECO "B16"]
[Time "14:03:17"]
[TimeControl "2700+45"]

1. e4 c6 2. d4 d5 3. Nc3 dxe4 4. Nxe4 Nf6 5. Nxf6+ gxf6 6. c3 Qd5 7. Nf3 Rg8 8.
g3 Qe4+ 9. Qe2 Bf5 10. Be3 Nd7 11. Bg2 Qd3 12. Qxd3 Bxd3 13. Rd1 Be4 14. O-O e6
15. Rfe1 O-O-O 16. a4 Bd6 17. a5 f5 18. Ne5 Bxe5 19. dxe5 Bxg2 20. Kxg2 Nxe5 21.
Bxa7 Nc4 22. Rxd8+ Rxd8 23. b3 Nd2 {Game drawn by mutual agreement} 1/2-1/2

[Event "Team 45 45 League T37"]
[Site "Internet Chess Club"]
[Date "2008.04.27"]
[Round "1"]
[White "Karpyan"]
[Black "Dan777"]
[Result "0-1"]
[WhiteElo "1837"]
[BlackElo "1891"]
[Opening "Ruy Lopez: Schliemann defense"]
[ECO "C63"]
[Time "14:07:54"]
[TimeControl "2700+45"]

1. e4 e5 2. Nf3 Nc6 3. Bb5 f5 4. d3 fxe4 5. dxe4 Nf6 6. O-O Bc5 7. Nc3 d6 8. Bg5
O-O 9. Bc4+ Kh8 10. h3 Qe8 11. Bxf6 gxf6 12. Nd5 Qg6 13. Kh2 Qg7 14. a3 a6 15.
Ba2 f5 16. Nc3 Nd4 17. Nxd4 exd4 18. Na4 fxe4 19. Nxc5 dxc5 20. Qh5 Rf5 21. Qe8+
Qf8 22. Qxe4 Bd7 23. Qe2 Bb5 24. Bc4 Re8 25. Qd3 Bxc4 26. Qxc4 b5 27. Qd3 Rxf2
28. Rxf2 Qxf2 29. Rf1 Qe3 30. Qd1 Qe2 31. Qc1 Qe3 32. Qd1 Qe2 33. Qc1 c4 34. Kh1
Qe3 35. Qd1 c5 36. Qh5 d3 37. cxd3 cxd3 38. Qf5 Qd4 39. Qh5 Rg8 40. Qf3 Qxb2 41.
g4 Qd4 42. Rd1 c4 43. Rf1 c3 {White resigns} 0-1

[Event "Team 45 45 League T37"]
[Site "Internet Chess Club"]
[Date "2008.04.27"]
[Round "1"]
[White "Budzo"]
[Black "Rookmaster"]
[Result "0-1"]
[WhiteElo "1752"]
[BlackElo "1697"]
[Opening "Réti opening"]
[ECO "A30"]
[Time "15:07:41"]
[TimeControl "2700+45"]

1. Nf3 c5 2. c4 g6 3. Nc3 Bg7 4. d4 cxd4 5. Nxd4 Nc6 6. Nxc6 bxc6 7. e4 e6 8.
Qc2 Ne7 9. Bg5 f6 10. Be3 O-O 11. Be2 Qc7 12. O-O Bb7 13. Rfd1 d5 14. cxd5 cxd5
15. Qd2 Rfd8 16. Nb5 Qd7 17. Rac1 Rac8 18. exd5 Nxd5 19. Nc3 Nxc3 20. Rxc3 Qxd2
21. Rxd2 Rxd2 22. Rxc8+ Bxc8 23. Bxd2 f5 24. b4 a6 25. Bc4 Kf7 26. Kf1 Ke7 27.
Be3 Bb7 28. f3 Bd5 29. Bc5+ Kd7 30. Bxa6 Bxa2 31. Ke2 Be5 32. h3 Bd5 33. Bb5+
Bc6 34. Bc4 Bd6 35. Bxd6 Kxd6 36. Kd3 e5 37. Bg8 Bb5+ 38. Ke3 h6 39. Bh7 Be8 40.
Bg8 g5 41. Bc4 f4+ 42. Ke4 Bg6# {White checkmated} 0-1

[Event "Team 45 45 League T37"]
[Site "Internet Chess Club"]
[Date "2008.04.27"]
[Round "1"]
[White "peterdiplaros"]
[Black "TyJohansen"]
[Result "0-1"]
[WhiteElo "1592"]
[BlackElo "1527"]
[Opening "Queen's pawn: stonewall attack"]
[ECO "D00"]
[Time "15:31:41"]
[TimeControl "2700+45"]

1. d4 d5 2. e3 Nf6 3. Bd3 Bg4 4. f3 Bh5 5. Nd2 e6 6. Ne2 Bd6 7. b3 Qe7 8. e4
dxe4 9. Nxe4 Nxe4 10. Bxe4 c6 11. Bb2 Nd7 12. Ng3 Bg6 13. Qe2 Bb4+ 14. c3 Ba3
15. Bxa3 Qxa3 16. O-O Qe7 17. c4 O-O 18. Rae1 Nf6 19. Bb1 Rad8 20. Qb2 Qc7 21.
Bxg6 hxg6 22. Ne4 Qb6 23. Nxf6+ gxf6 24. Re4 Kg7 25. Rd1 Rh8 26. g3 e5 27. c5
Qc7 28. Rd2 Qd7 29. f4 Qf5 30. Rde2 exd4 31. Rxd4 Qxc5 32. Rd2 Rd5 33. Kf1 Rhd8
34. Rxd5 Rxd5 35. Rxd5 Qxd5 36. Qf2 Qh1+ 37. Ke2 Qe4+ 38. Kf1 b6 39. h4 c5 40.
Qe2 Qxe2+ 41. Kxe2 f5 42. Kd3 b5 43. a4 a6 44. a5 Kh6 45. Ke3 Kh5 46. Kf3 c4 47.
bxc4 bxc4 48. Ke3 Kg4 49. Kd4 c3 50. Kxc3 Kxg3 51. Kc4 Kxf4 52. Kc5 Ke5 53. Kb6
f4 54. Kxa6 f3 55. Kb7 f2 56. a6 f1=Q 57. a7 Qa1 {White resigns} 0-1

[Event "Team 45 45 League T37"]
[Site "Internet Chess Club"]
[Date "2008.04.26"]
[Round "1"]
[White "chicopee-ed"]
[Black "Endgamer"]
[Result "0-1"]
[WhiteElo "1482"]
[BlackElo "1615"]
[Opening "QGD Slav: 3.Nf3"]
[ECO "D11"]
[Time "16:00:04"]
[TimeControl "2700+45"]

1. d4 d5 2. Nf3 c6 3. c4 Bg4 4. Ne5 Bh5 5. Qb3 Qb6 6. Qxb6 axb6 7. cxd5 cxd5 8.
Nc3 e6 9. a3 Nc6 10. Nb5 Kd8 11. Bf4 Bb4+ 12. Bd2 Bxd2+ 13. Kxd2 Nf6 14. f3 Nd7
15. Nxd7 Kxd7 16. e3 Bg6 17. Bd3 Rhc8 18. Bxg6 hxg6 19. Rac1 Na5 20. Rxc8 Rxc8
21. Rc1 Nb3+ {White resigns} 0-1

[Event "Team 45 45 League T37"]
[Site "Internet Chess Club"]
[Date "2008.04.25"]
[Round "1"]
[White "okun"]
[Black "smsxman"]
[Result "1-0"]
[WhiteElo "1611"]
[BlackElo "1555"]
[Opening "Réti opening"]
[ECO "A05"]
[Time "15:00:44"]
[TimeControl "2700+45"]

1. Nf3 Nf6 2. g3 Nc6 3. Bg2 e5 4. d3 d5 5. O-O Be7 6. Nbd2 O-O 7. c4 e4 8. dxe4
dxe4 9. Ne1 Bf5 10. Qb3 Nd4 11. Qd1 Bc5 12. e3 Bg4 13. f3 exf3 14. Ndxf3 Nf5 15.
Nc2 Qxd1 16. Rxd1 Rfe8 17. Re1 Bxf3 18. Bxf3 c6 19. b4 Bd6 20. Bb2 Be5 21. Bxe5
Rxe5 22. Rad1 Ree8 23. e4 Ne7 24. e5 Ng6 25. e6 fxe6 26. b5 Rac8 27. bxc6 bxc6
28. Nd4 c5 29. Nxe6 Nf8 30. Nxf8 Kxf8 31. Kf2 Rxe1 32. Rxe1 Rd8 33. Re5 Rd2+ 34.
Re2 Rd4 35. Rc2 Nd7 36. Rb2 Rxc4 37. Rb7 Rc2+ 38. Be2 Nf6 39. Rxa7 Nd5 40. Kf3
Nc3 41. Bc4 Rxh2 42. Kg4 Rd2 43. Rf7+ Ke8 44. Bb3 Nxa2 45. Rxg7 Rd4+ 46. Kh3 Nc1
47. Bc2 h6 48. Rh7 Rd6 49. Kh4 Rd2 50. Bf5 Kf8 51. Rxh6 Rh2+ 52. Kg5 Rxh6 53.
Kxh6 Ne2 54. g4 c4 55. g5 Nf4 56. g6 c3 57. g7+ Kg8 58. Bh7+ Kf7 59. g8=Q+ Kf6
60. Qg5+ Ke6 61. Qxf4 {Black resigns} 1-0